 Dungeon Crawl Stone Soup version 0.31.0-7-gf635a9b802 (webtiles) character file.

Game seed: 5444665720560649417

17821 Flugkiller the Destroyer (level 12, -6/91 HPs)
             Began as a Demonspawn Conjurer on Jan 23, 2024.
             Killed from afar by an acid blob (9 damage)
             ... with a splash of acid
             ... on level 5 of the Pits of Slime.
             The game lasted 00:30:27 (12084 turns).

Flugkiller the Destroyer (Demonspawn Conjurer)     Turns: 12084, Time: 00:30:28

Health: -6/91      AC:  2    Str: 13    XL:     12   Next: 22%
Magic:  24/24      EV: 14    Int: 27    God:
Gold:   360        SH:  0    Dex: 15    Spells: 12/27 levels left

rFire   + + .        K - +11 rapier of Duli {flame, rC+ Int+2 Stlth+}
rCold   . . .        (no shield)
rNeg    . . .        i - +1 robe {rC+ rF+}
rPois   .            u - +2 helmet
rElec   .            j - +0 cloak
rCorr   .            M - +0 pair of gloves
SInv    .            L - +2 pair of boots
Will    ++...        a - amulet "Betudado" {RegenMP Fly rC- Will++ Dex+4}
Stlth   +++          S - +6 ring of strength
HPRegen 0.35/turn    o - ring of fire
MPRegen 0.59/turn

%: no passive effects
@: corroded, flying
A: thin metallic scales 2, foul stench 1, powered by death 2, demonic touch 2
a: no special abilities


You were on level 5 of the Pits of Slime.
You visited 4 branches of the dungeon, and saw 21 of its levels.
You also visited: Bailey.

You collected 711 gold pieces.
You spent 351 gold pieces at shops.

Inventory:

Hand Weapons
 y - a +3 dagger
   (You took it off an orc on level 5 of the Dungeon)
 H - a +1 long sword of protection
   (You found it on level 7 of the Dungeon)
 K - the +11 rapier of Duli (weapon) {flame, rC+ Int+2 Stlth+}
   (You found it on level 9 of the Dungeon)

   Int+2:     It affects your intelligence (+2).
   rC+:       It protects you from cold.
   Stlth+:    It makes you more stealthy.
 N - a +1 dagger of distortion
   (You took it off Psyche on level 9 of the Dungeon)
Missiles
 J - 4 curare-tipped darts
Armour
 i - a +1 robe of resistance (worn)
   (You took it off an orc wizard on level 3 of the Dungeon)
 j - a +0 cloak (worn)
   (You found it on level 2 of the Dungeon)
 u - a +2 helmet (worn)
   (You found it on level 5 of the Dungeon)
 E - +0 steam dragon scales
   (You found it on level 8 of the Dungeon)
 L - a +2 pair of boots (worn)
   (You found it on level 9 of the Dungeon)
 M - a +0 pair of gloves (worn)
   (You found it on level 8 of the Dungeon)
Magical Staves
 F - a staff of fire
   (You found it in a bailey)
Jewellery
 a - the amulet "Betudado" (around neck) {RegenMP Fly rC- Will++ Dex+4}
   (You found it on level 5 of the Dungeon)

   [amulet of magic regeneration]

   RegenMP:   It increases your rate of magic regeneration.
   Dex+4:     It affects your dexterity (+4).
   rC-:       It makes you vulnerable to cold.
   Will++:    It greatly increases your willpower.
   Fly:       It grants you flight.
 o - a ring of fire (right hand)
   (You found it on level 3 of the Dungeon)
 Q - a ring of positive energy
   (You found it on level 10 of the Dungeon)
 S - a +6 ring of strength (left hand)
   (You bought it in a shop on level 5 of the Dungeon)
Wands
 I - a wand of acid (10)
   (You found it on level 8 of the Dungeon)
 P - a wand of paralysis (3)
   (You found it on level 10 of the Dungeon)
 R - a wand of flame (11)
   (You found it on level 1 of the Lair of Beasts)
Scrolls
 d - 4 scrolls of vulnerability
 e - 3 scrolls of enchant armour
 g - a scroll of revelation
 k - 2 scrolls of immolation
 l - a scroll of brand weapon
 m - a scroll of amnesia
 n - 2 scrolls of fog
 t - a scroll of teleportation
 v - a scroll of fear
 x - a scroll of enchant weapon
 C - 5 scrolls of poison
 D - a scroll of acquirement
 T - a scroll of silence {unknown}
Potions
 b - 3 potions of attraction
 c - 3 potions of invisibility
 f - 4 potions of lignification
 p - 3 potions of magic
 q - 3 potions of curing
 r - a potion of enlightenment {unknown}
 s - a potion of brilliance
 A - 5 potions of mutation
 G - a potion of resistance {unknown}
 O - a potion of might {unknown}


   Skills:
 + Level 7.4 Fighting
 + Level 3.7 Short Blades
 - Level 6.0 Dodging
 - Level 1.7 Stealth
 + Level 8.0 Spellcasting
 - Level 13.0 Conjurations
 - Level 4.0 Translocations
 * Level 3.6 Fire Magic
 - Level 4.0 Alchemy
 - Level 4.0 Evocations


You had 12 spell levels left.
You knew the following spells:

 Your Spells              Type           Power      Damage    Failure   Level
a - Magic Dart            Conj           100%       1d8       1%          1
b - Searing Ray           Conj           100%       2d8       1%          2
c - Fulminant Prism       Conj/Alch      27%        3d14      1%          4
d - Iskenderun's Mystic   Conj/Tloc      54%        2d12      1%          4
e - Flame Wave            Conj/Fire      71%        2d16      1%          4

Your spell library contained the following spells:

 Spells                   Type           Power      Damage    Failure   Level
 Kiss of Death            Conj/Necr      100%       2d13      1%          1
 Lesser Beckoning         Tloc           64%        N/A       1%          2
 Mephitic Cloud           Conj/Alch/Air  41%        N/A       1%          3
 Mercury Vapours          Alch/Air       42%        N/A       3%          2
 Gell's Gravitas          Tloc           32%        N/A       3%          3
 Teleport Other           Tloc           32%        N/A       3%          3
 Inner Flame              Hex/Fire       31%        N/A       8%          3
 Sticky Flame             Fire/Alch      47%        2d9       11%         4
 Confusing Touch          Hex            10%        N/A       16%         3
 Freezing Cloud           Conj/Ice/Air   17%        6-21      24%         5
 Dispel Undead            Necr           10%        3d9       45%         4


Dungeon Overview and Level Annotations

Branches:
Dungeon (10/15) Zot: 26071  Temple (1/1) D:4 Zot: 5996    Lair (5/5) D:10 Zot: 26350
  Slime (5/5) Lair:4 Zot: 26942     Orc (0/2) D:10         Bailey (visited)
  Swamp: Lair:2-3    Shoals: Lair:2-3     Snake: Lair:2-3    Spider: Lair:2-3

Altars:
Ashenzari
Cheibriados
Dithmenos
Fedhas
Gozag
Hepliaklqana
Kikubaaqudgha
Makhleb
Nemelex Xobeh
Okawaru
Qazlal
Ru
Sif Muna
Trog
Uskayaw
Vehumet
Wu Jian
Xom
Yredelemnul
Jiyva

Shops:
D:5 *   D:6 ?   D:7 (:   D:8 ?

Annotations:
D:2 Terence
D:3 1 runed translucent door, Crazy Yiuf
D:7 Maurice
Lair:1 exclusion: oklob plant
Lair:2 Gastronok


Innate Abilities, Weirdness & Mutations

You are mostly covered in thin metallic scales. (AC +3)
You may rarely emit foul miasma when damaged in melee.
You regenerate health from kills.
Your touch may inflict irresistible damage on your foes.


Message History

Okay, then.
Press: ? - help, v - describe, . - travel
Here: a quicksilver ooze The floor.
Unknown command.
The slime creature hits you but does no damage.
Unknown command.
As you read the scroll of teleportation, it crumbles to dust.
You feel strangely unstable.
The quicksilver ooze completely misses you.
The quicksilver ooze hits you but does no damage.
The rockslime hits you!!
You hold your ground!
The slime creature hits you.
Unknown command.
You hit the slime creature. You burn the slime creature.
The slime creature is lightly wounded.
The quicksilver ooze hits you. The quicksilver ooze engulfs you!
The quicksilver ooze barely misses you. The rockslime hits you!!
You hold your ground!
The quicksilver ooze hits you.
The quicksilver ooze closely misses you.
Unknown command.
You puncture the slime creature! You burn the slime creature.
You touch the slime creature!
The slime creature is heavily wounded.
Your lungs strain for air!
The slime creature hits you!
* * * LOW HITPOINT WARNING * * *
The quicksilver ooze hits you.
The quicksilver ooze hits you but does no damage.
The rockslime hits you.
* * * LOW HITPOINT WARNING * * *
You hold your ground!
A large slime creature splits.
Unknown command.
You feel much better.
Your lungs strain for air!
The quicksilver ooze closely misses you. x2
The slime creature hits you.
You puncture the slime creature! You burn the slime creature.
The slime creature is severely wounded.
Your lungs strain for air!
Your surroundings suddenly seem different.
The ooze engulfing you falls away.
You gasp with relief as air once again reaches your lungs.
Acid dripping from the walls corrodes you.
Found a stone staircase leading up.
Unknown command.
Unknown command.
You are confused.
You feel invigorated.
Unknown command.
You feel less invigorated.
You feel less confused.
Unknown command.
Okay, then.
Unknown command.
Okay, then.
Okay, then.
Okay, then.
Okay, then.
Okay, then.
Okay, then.
Unknown command.
Unknown command.
An acid blob comes into view.
The acid blob quivers.
The acid blob spits acid at you. The splash of acid hits you!!
The acid corrodes you!
Your extra speed is starting to run out.
Unknown command.
The acid blob spits acid at you. The splash of acid hits you!
The acid blob quivers.
A slime creature comes into view.
The slime creature quivers.
The acid blob spits acid at you.
The splash of acid hits you but does no damage.
The acid corrodes you!
The acid blob jiggles.
Found 15 gold pieces.
You feel yourself slow down. The acid blob spits acid at you.
The splash of acid hits you!!
* * * LOW HITPOINT WARNING * * *
The acid corrodes you!
The quicksilver ooze quivers.
Unknown command.
Blink to where?
Press: ? - help, Dir - move target
Found nine items.
As you read the scroll of blinking, it crumbles to dust.
Unknown command.
An acid blob comes into view.
Found 32 gold pieces and a sharpened copper wand.
The acid blob quivers.
Unknown command.
A great orb of eyes comes into view.
Found a glowing war axe and a wand of paralysis (2).
Found a glimmering staff, a shiny plate armour and 18 gold pieces.
The acid blob spits acid at you. The splash of acid hits you!
You die...

..........#####..####***,,*****,,
..........#...#.....#,,,,,*,,,*,,
...........#§#.....#,*,,,,,*,*,,,
........J...#J....#.,,*,.,,,*,,,,
........J#######J.#####..*******,
........#J#[/)#J#.#$=!#.#,*,,,*,*
.......#.G#[?[#..##)φ|##G,*,,,*,,
........#.#?:$#.#.#!/♦#.#,*,,,*,*
........J#######@.#####..*******,
...........J#.....#..,*,,,,,*,,,,
...........#.#.._..#.*,,,,,*,*,,,
..........#...#.....#,,,,,*,,,*,,
..........#####..####***,,*****,,
,.........#/$)#.#.*$/,*,*,*,,,*,,
,........##)[?##..*)/|*,,**,,,**,
,.........#?[!#.#.*,[$#,*,*,,,*,,
,,...G....#####.,*******,,*****,,


You could see 2 acid blobs.

Vanquished Creatures
  An orc warlord (Bailey)
  A hydra (Lair:5)
  A two-headed ogre (D:9)
  3 elephants (Lair:5)
  2 black mambas
  2 cane toads (Lair:5)
  A rime drake (Lair:1)
  Jeremiah (D:9)
  5 komodo dragons
  Psyche (D:9)
  A polar bear (Lair:5)
  19 blink frogs
  A wraith (D:7)
  3 wyverns
  6 yaks (D:10)
  A basilisk (Lair:1)
  2 steam dragons
  2 acid dragons
  12 water moccasins
  4 orc warriors (Bailey)
  A black bear (D:10)
  An ogre (D:6)
  6 wolves (Lair:1)
  4 centaurs
  A phantom (D:5)
  A kobold brigand (D:8)
  13 bullfrogs
  3 scorpions
  8 wights
  12 killer bees
  An electric eel (Lair:1)
  A howler monkey (D:5)
  2 quasits (D:4)
  2 jellies
  A hound (D:7)
  3 bombardier beetles (D:5)
  4 orc priests
  A gnoll bouda (D:5)
  3 sleepcaps
  3 iguanas
  10 orc wizards
  4 adders
  5 gnolls
  4 shadow imps
  5 white imps
  5 ufetubi
  2 dart slugs
  36 orcs
  5 ball pythons
  9 bats
  4 endoplasms
  2 giant cockroaches
  6 hobgoblins
  5 jackals
  8 quokkas
  3 frilled lizards
  5 goblins
  22 kobolds
  8 rats
288 creatures vanquished.

Vanquished Creatures (others)
  A centaur (D:9)
  26 fulminant prisms
27 creatures vanquished.

Grand Total: 315 creatures vanquished

Notes
Turn   | Place    | Note
-------+----------+-------------------------------------------
     0 | D:1      | Flugkiller the Demonspawn Conjurer began the quest for the
                  | Orb.
     0 | D:1      | Reached XP level 1. HP: 13/13 MP: 3/3
   223 | D:1      | Gained mutation: You regenerate a little health from kills.
                  | [demonic ancestry]
   223 | D:1      | Reached XP level 2. HP: 4/19 MP: 0/5
   554 | D:1      | Learned a level 2 spell: Searing Ray
   606 | D:1      | Gained mutation: Your touch may inflict minor irresistible
                  | damage on your foes. [demonic ancestry]
   606 | D:1      | Reached XP level 3. HP: 24/24 MP: 1/7
  1282 | D:2      | Noticed Terence
  1848 | D:3      | Gained mutation: You are partially covered in thin metallic
                  | scales. (AC +2) [demonic ancestry]
  1848 | D:3      | Reached XP level 4. HP: 30/30 MP: 6/8
  1958 | D:3      | Noticed a bullfrog
  1973 | D:3      | Killed a bullfrog
  1974 | D:3      | Reached skill level 5 in Conjurations
  2184 | D:3      | Found a bloodstained altar of Trog.
  2484 | D:3      | Gained mutation: You regenerate health from kills. [demonic
                  | ancestry]
  2484 | D:3      | Reached XP level 5. HP: 35/35 MP: 3/10
  2755 | D:3      | Found a runed translucent door.
  2756 | D:3      | Noticed Crazy Yiuf
  3124 | D:4      | Found a staircase to the Ecumenical Temple.
  3135 | Temple   | Entered the Ecumenical Temple
  3519 | D:3      | Gained mutation: You are mostly covered in thin metallic
                  | scales. (AC +3) [demonic ancestry]
  3519 | D:3      | Reached XP level 6. HP: 31/41 MP: 8/12
  3636 | D:4      | Reached skill level 6 in Conjurations
  4044 | D:5      | Entered Level 5 of the Dungeon
  4099 | D:4      | Reached skill level 5 in Spellcasting
  4313 | D:5      | Reached XP level 7. HP: 46/46 MP: 5/14
  4424 | D:5      | Reached skill level 7 in Conjurations
  4566 | D:5      | Identified the amulet "Betudado" {RegenMP Fly rC- Will++
                  | Dex+4}
  4795 | D:5      | Found a sparkling altar of Nemelex Xobeh.
  4817 | D:5      | Found Duf Woph's Assorted Antiques.
  4835 | D:5      | Bought a scroll labelled POIMIO GICAID for 22 gold pieces
  4835 | D:5      | Bought a scroll labelled POPTAE ZIUD for 22 gold pieces
  5226 | D:5      | Bought a small iron ring for 110 gold pieces
  5257 | D:6      | Found Giolah's Magic Scroll Shoppe.
  5266 | D:6      | Bought a scroll of identify for 24 gold pieces
  5266 | D:6      | Bought a scroll of identify for 24 gold pieces
  5266 | D:6      | Bought a scroll of identify for 24 gold pieces
  5536 | D:6      | Reached XP level 8. HP: 47/52 MP: 14/17
  5750 | D:6      | Reached skill level 8 in Conjurations
  6066 | D:7      | Found Weagguz's Book Emporium.
  6074 | D:7      | Learned a level 4 spell: Fulminant Prism
  6079 | D:7      | Learned a level 4 spell: Iskenderun's Mystic Blast
  6166 | D:7      | Found a flagged portal.
  6174 | Bailey   | Entered a bailey
  6185 | Bailey   | Noticed an orc warlord
  6243 | Bailey   | Reached skill level 1 in Fighting
  6243 | Bailey   | Reached skill level 1 in Alchemy
  6270 | Bailey   | Reached skill level 1 in Translocations
  6417 | Bailey   | Found a runed translucent gate.
  6420 | Bailey   | Found a runed translucent gate.
  6421 | Bailey   | Found a runed translucent gate.
  6683 | Bailey   | Killed an orc warlord
  6684 | Bailey   | Reached skill level 9 in Conjurations
  6684 | Bailey   | Reached XP level 9. HP: 46/61 MP: 2/19
  6985 | D:7      | Found Coddyefe's Weapon Shop.
  7216 | D:7      | Found a shimmering blue altar of Sif Muna.
  7312 | D:7      | Noticed Maurice
  7314 | D:7      | Reached skill level 10 in Conjurations
  7317 | D:7      | Reached skill level 1 in Evocations
  7345 | D:7      | Something stole a staff of air
  7928 | D:7      | Found a hazy altar of Hepliaklqana.
  7931 | D:7      | Found an opulent altar of Gozag.
  8211 | D:8      | Found a snail-covered altar of Cheibriados.
  8253 | D:8      | Identified the +1 scale mail of Disappointment {MP+9}
  8514 | D:8      | Found a stormy altar of Qazlal.
  8674 | D:8      | Gained mutation: You may rarely emit foul miasma when
                  | damaged in melee. [demonic ancestry]
  8674 | D:8      | Reached XP level 10. HP: 71/71 MP: 16/20
  8719 | D:8      | Found Foymeuw's Magic Scroll Shoppe.
  8829 | D:5      | Bought a jewelled robe for 125 gold pieces
  8829 | D:5      | Identified the +1 robe of the Equinox {rCorr Slay+3} (You
                  | bought it in a shop on level 5 of the Dungeon)
  9138 | D:9      | Identified the +11 rapier of Duli {flame, rC+ Int+2 Stlth+}
  9707 | D:9      | Noticed Jeremiah
  9718 | D:9      | Killed Jeremiah
  9726 | D:9      | Noticed Psyche
  9735 | D:9      | Killed Psyche
  9736 | D:9      | Reached skill level 11 in Conjurations
  9802 | D:9      | Noticed a two-headed ogre
  9810 | D:9      | Killed a two-headed ogre
  9926 | D:10     | Entered Level 10 of the Dungeon
 10035 | D:10     | Reached skill level 12 in Conjurations
 10207 | D:10     | Reached skill level 13 in Conjurations
 10252 | D:10     | Found a staircase to the Lair.
 10595 | D:10     | Found a staircase to the Orcish Mines.
 10846 | Lair:1   | Entered Level 1 of the Lair of Beasts
 10854 | Lair:1   | Reached XP level 11. HP: 54/78 MP: 21/21
 11002 | Lair:1   | Reached skill level 5 in Fighting
 11022 | Lair:1   | Noticed an oklob plant
 11045 | Lair:1   | Noticed an eight-headed hydra
 11064 | Lair:2   | Noticed Gastronok
 11110 | Lair:2   | Reached skill level 5 in Dodging
 11140 | Lair:2   | Reached skill level 1 in Short Blades
 11319 | Lair:5   | Entered Level 5 of the Lair of Beasts
 11410 | Lair:4   | Learned a level 4 spell: Flame Wave
 11598 | Lair:5   | Reached skill level 1 in Fire Magic
 11601 | Lair:5   | Noticed a death yak
 11605 | Lair:5   | Noticed a five-headed hydra
 11619 | Lair:5   | Killed a five-headed hydra
 11656 | Lair:5   | Noticed a catoblepas
 11692 | Lair:5   | Gained mutation: Your touch may inflict irresistible damage
                  | on your foes. [demonic ancestry]
 11692 | Lair:5   | Reached XP level 12. HP: 48/91 MP: 14/23
 11859 | Lair:4   | Found a staircase to the Slime Pits.
 11929 | Slime:1  | Entered Level 1 of the Pits of Slime
 11929 | Slime:1  | Noticed a quicksilver ooze
 11980 | Slime:1  | Noticed an acid blob
 11987 | Slime:3  | Noticed an azure jelly
 11987 | Slime:3  | Noticed a quicksilver ooze
 11987 | Slime:3  | Noticed an acid blob
 11996 | Slime:4  | Noticed an acid blob
 12004 | Slime:5  | Entered Level 5 of the Pits of Slime
 12025 | Slime:5  | Found the +18 shield of the Gong {Loud rN+ Will+ rCorr
                  | EV-5}
 12027 | Slime:5  | Noticed a rockslime
 12034 | Slime:5  | Noticed an acid blob
 12034 | Slime:5  | Noticed an acid blob
 12036 | Slime:5  | Found a viscous altar of Jiyva.
 12037 | Slime:5  | Noticed a quicksilver ooze
 12039 | Slime:5  | Noticed an azure jelly
 12040 | Slime:5  | Noticed an acid blob
 12069 | Slime:5  | Noticed an acid blob
 12079 | Slime:5  | HP: 1/91 [acid blob/splash of acid (28)]
 12081 | Slime:5  | Noticed an acid blob
 12083 | Slime:5  | Noticed a great orb of eyes
 12084 | Slime:5  | Killed from afar by an acid blob

Illustrated notes

Levels and vault maps discovered:
D:1:      onia_arrival_mini_maze, layout_rooms, minmay_misc_feat_square
D:2:      layout_loops_ring, uniq_terence
D:3:      layout_basic, trog_book, uniq_crazy_yiuf_cottage
D:4:      layout_rooms, minmay_temple_entry_junction_2, serial_demonic,
          serial_demonic_d, serial_demonic_c, serial_demonic_d, serial_demonic_e
D:5:      layout_gridville, nemelex_xobeh_ov_fountains_minmay, serial_shops,
          nicolae_shop_stone, patterned_corridor
D:6:      layout_cave_pods, serial_shops, nicolae_lakefront_shop,
          chequers_serial_rivers_large_a, st_stairs_13
D:7:      layout_loops_corners, mainiacjoe_overflow_brackets, minitemple,
          serial_shops, nicolae_shop_behind_doors,
          nicolae_shop_temple_entry_statues_fountains, enter_bailey_2,
          st_stairs_7, grunt_ministairs_11, moated_statue, uniq_maurice
D:8:      layout_rooms, overflow_temple_1_default, cheibriados_altar_1,
          serial_shops, nicolae_shop_rolled_up, minivault_1
D:9:      layout_loops_corners, nicolae_elyvilon_peaceful_grove,
          mainiacjoe_overflow_surrounded_room, uniq_jeremiah, uniq_psyche
D:10:     layout_stronghold, due_lair_maze_entry_diamond, orc_0_dummy,
          serial_rivers, chequers_serial_rivers_small_b,
          chequers_serial_rivers_micro_a, chequers_serial_rivers_small_a,
          chequers_serial_rivers_small_3, chequers_serial_rivers_marsh,
          chequers_serial_rivers_small_b
Temple:   nicolae_temple_ecumenical_triangle
Lair:1:   layout_misc_corridors, hellmonk_guarded_unrand_vines,
          infiniplex_staircase_pool
Lair:2:   layout_roguey, minmay_swamp_entry_swarm,
          minmay_snake_entry_guardpost_small, grunt_megastairs_3,
          uniq_gastronok, uniq_harold
Lair:3:   layout_cave_pods, minmay_stone_trees_small
Lair:4:   layout_gridlike, slime_entry_1, serial_forest,
          infiniplex_forest_lined_ring, infiniplex_forest_pool,
          infiniplex_forest_corner_1, infiniplex_forest_clump_diagonal,
          infiniplex_forest_corner_1, infiniplex_forest_straight_5,
          infiniplex_forest_lined_3_way
Lair:5:   due_jungle_book, layout_cave_pods, grunt_forest_stairs_basic
Slime:1:  layout_caves
Slime:2:  layout_caves
Slime:3:  layout_caves
Slime:4:  layout_caves, nicolae_slime_crime_time
Slime:5:  slime_pit_nicolae_amoeboid

Skill      XL: |  1  2  3  4  5  6  7  8  9 10 11 12 |
---------------+-------------------------------------+-----
Spellcasting   | 3 4 5 6 7 8 |  8.0
Conjurations   | 5 6 7 9 10 13 | 13.0
Fighting       | 2 3 4 7 |  7.4
Alchemy        | 3 4 |  4.0
Translocations | 3 4 |  4.0
Evocations     | 4 |  4.0
Dodging        | 2 6 |  6.0
Short Blades   | 3 |  3.7
Fire Magic     | 2 3 |  3.6
Stealth        | |  1.7

Action                     |  1- 3 |  4- 6 |  7- 9 | 10-12 || total
---------------------------+-------+-------+-------+-------++-------
  Melee: Dagger            |    74 |    15 |     8 |       ||    97
         Touch             |     1 |     1 |     1 |    14 ||    17
         Rapier            |       |       |       |   105 ||   105
         Punch             |       |       |       |     1 ||     1
   Cast: Magic Dart        |    89 |    84 |   184 |    16 ||   373
         Searing Ray       |     1 |    14 |    59 |     4 ||    78
         Fulminant Prism   |       |       |    22 |     4 ||    26
         Iskenderun's Myst |       |       |    12 |    78 ||    90
         Flame Wave        |       |       |       |    15 ||    15
  Evoke: Wand              |       |       |       |     2 ||     2
    Use: Potion            |     1 |     1 |       |     6 ||     8
         Scroll            |       |     6 |    12 |    16 ||    34
   Stab: Sleeping          |       |       |       |     1 ||     1
 Armour: Robe              |    42 |    58 |    95 |   234 ||   429
  Dodge: Dodged            |    77 |    52 |    69 |   163 ||   361
